 Dungeon Crawl Stone Soup version 0.23.2-32-g37ab1d4649 (webtiles) character file.

Game seed: 2386507032992722033

6472 Mrkan the Grappler (level 10, -9/107 HPs)
             Began as a Troll Monk on June 26, 2019.
             Was an Elder of Ru.
             Mangled by a blink frog (11 damage)
             ... on level 1 of the Lair of Beasts.
             The game lasted 00:24:03 (8164 turns).

Mrkan the Grappler (Troll Monk)                     Turns: 8164, Time: 00:24:05

Health: -9/107     AC:  6    Str: 23    XL:     10   Next: 68%
Magic:  9/9        EV: 10    Int:  9    God:    Ru [****..]
Gold:   731        SH:  0    Dex: 12    Spells: 8/9 levels left

rFire    . . .     SeeInvis .     - Unarmed
rCold    . . .     Gourm    +   (no shield)
rNeg     . . .     Faith    .   a - +0 robe
rPois    .         Spirit   .   (helmet restricted)
rElec    .         Reflect  .   (no cloak)
rCorr    .         Harm     .   (gloves unavailable)
MR       .....                  (boots unavailable)
Stlth    ..........             (no amulet)
HPRegen  0.67/turn              d - +2 ring of strength
MPRegen  0.11/turn              J - ring "Dipronto" {Wiz +Fly}

@: no status effects
A: large, unfitting armour, claws 3, fast metabolism 3, gourmand, regeneration
1, shaggy fur 1, tough skin 3, no stealth, no charms magic, no necromancy magic,
no poison magic, inexperienced 1
a: Draw Out Power, Power Leap, Renounce Religion, Evoke Flight


You were on level 1 of the Lair of Beasts.
You worshipped Ru.
Ru was greatly pleased with you.
You were very full.

You visited 3 branches of the dungeon, and saw 12 of its levels.

You collected 731 gold pieces.

Inventory:

Hand Weapons
 A - a +0 giant spiked club
 K - the +6 whip of Ozyneeta {antimagic, +Inv rF+}
   (You found it on level 9 of the Dungeon)

   It reduces the magical energy of the wielder, and disrupts the spells and
   magical abilities of those hit.
   Natural abilities and divine invocations are not affected.
   It protects you from fire.
   It lets you turn invisible.
Missiles
 x - 363 stones (quivered)
Armour
 a - a +0 robe (worn)
Jewellery
 d - a +2 ring of strength (left claw)
 v - an uncursed ring of resist corrosion
 F - an uncursed ring of flight
 J - the ring "Dipronto" (right claw) {Wiz +Fly}
   (You found it on level 9 of the Dungeon)

   [ring of wizardry]

   It improves your spell success rate.
   It lets you fly.
 N - an uncursed amulet of faith {unknown}
 O - an uncursed ring of protection from fire {unknown}
Wands
 t - a wand of scattershot (2)
 C - a wand of paralysis (9)
 D - a wand of polymorph (7)
 H - a wand of flame (10)
 L - a wand of acid (8)
 M - a wand of disintegration (7)
Scrolls
 e - a scroll of fear {unknown}
 f - a scroll of magic mapping {unknown}
 g - 3 scrolls of teleportation {unknown}
 i - 9 scrolls of remove curse
 l - 3 scrolls of amnesia {unknown}
 m - 2 scrolls of fog {unknown}
 o - 4 scrolls of enchant armour {unknown}
 r - a scroll of immolation {unknown}
 u - 2 scrolls of enchant weapon {unknown}
 y - a scroll of noise {unknown}
 E - a scroll of torment {unknown}
 G - a scroll of blinking {unknown}
 I - a scroll of identify
Potions
 c - 2 potions of agility
 h - a potion of magic
 j - 2 potions of degeneration {unknown}
 k - a potion of resistance {unknown}
 n - 4 potions of brilliance
 p - a potion of berserk rage {unknown}
 q - 2 potions of lignification
 s - 2 potions of mutation
 w - 4 potions of curing
 z - a potion of ambrosia {unknown}
 B - 2 potions of heal wounds {unknown}
Comestibles
 b - 19 rations


   Skills:
 + Level 9.4 Fighting
 * Level 6.2 Throwing
 - Level 2.4 Dodging
 - Level 11.5 Unarmed Combat


You had 8 spell levels left.
You knew the following spells:

 Your Spells              Type           Power        Failure   Level  Hunger
a - Beastly Appendage     Tmut           #.....       16%         1    ##.....

Your spell library contained the following spells:

 Spells                   Type           Power        Failure   Level  Hunger
 Apportation              Tloc           #.....       16%         1    ##.....
 Confusing Touch          Hex            #.....       16%         1    ##.....
 Shock                    Conj/Air       #...         16%         1    ##.....
 Summon Small Mammal      Summ           #...         16%         1    ##.....
 Sticks to Snakes         Tmut           #.......     24%         2    ###....
 Static Discharge         Conj/Air       #.......     43%         3    ####...
 Airstrike                Air            #.........   82%         4    #####..
 Ice Form                 Ice/Tmut       #.......     82%         4    #####..
 Blade Hands              Tmut           #.........   98%         5    ######.
 Lightning Bolt           Conj/Air       #.........   98%         5    ######.
 Animate Skeleton         Necr           Unusable     N/A         1    N/A
 Infusion                 Chrm           Unusable     N/A         1    N/A
 Shroud of Golubria       Chrm/Tloc      Unusable     N/A         2    N/A
 Song of Slaying          Chrm           Unusable     N/A         2    N/A
 Swiftness                Chrm/Air       Unusable     N/A         2    N/A
 Regeneration             Chrm/Necr      Unusable     N/A         3    N/A
 Spectral Weapon          Hex/Chrm       Unusable     N/A         3    N/A
 Spider Form              Tmut/Pois      Unusable     N/A         3    N/A

Dungeon Overview and Level Annotations

Branches:
Dungeon (10/15)            Temple (1/1) D:5            Lair (1/6) D:8
    Orc: D:9-12

Altars:
Ashenzari
Cheibriados
Dithmenos
Elyvilon
Fedhas
Gozag
Hepliaklqana
Kikubaaqudgha
Makhleb
Nemelex Xobeh
Okawaru
Qazlal
Ru
Sif Muna
Trog
Uskayaw
Vehumet
Wu Jian
Xom
Yredelemnul
Zin
The Shining One

Shops:
D:6 =?[   D:8 (*=


Innate Abilities, Weirdness & Mutations

You are too large for most types of armour.
You have claws for hands.
Your metabolism is lightning-fast.
You like to eat raw meat.
Your natural rate of healing is unusually fast.
You are covered in fur. (AC +1)
You have extremely tough skin. (AC +3)
You cannot be stealthy.
You cannot study or cast Charms magic.
You cannot study or cast Necromancy magic.
You cannot study or cast Poison magic.
You are somewhat inexperienced. (-2 XL)


Message History

The blink frog blinks!
The blink frog gives a loud, deep croak!
You hear a croak.
A blink frog comes into view.
The blink frog blinks!
The blink frog moves out of view.
A blink frog comes into view.
The blink frog blinks!
A blink frog comes into view.
The blink frog misses you.
The blink frog croaks. x2
The blink frog begins to attack, but is stunned by your will!
The blink frog blinks!
The blink frog begins to attack, but is stunned by your will! x2
It was a potion of curing.
You feel better.
The blink frog blinks!
The blink frog hits you!!
* * * LOW HITPOINT WARNING * * *
The blink frog barely misses you.
The blink frog begins to attack, but is stunned by your will!
The blink frog hits you!
You die...

#..≈≈≈≈≈≈≈≈.....# ...
##P.≈≈≈≈..P##...# ..#
##.....§####...# ..##
#.F...## #...# .# .)#.
##..F.## #...# ...##.#.#
##....# #...#
.....#.####....## #...#
#..##......FF## ##...#
#.........@..# #.#..#
......F...#.#..FF.# ##...#
.>...F.F..####...#####...#
[....#..#.# #.F.#..##...#
⌠.F.##..### #...........#
...$...## #.....#.....##
....... #..†#####....# ..
##.. ##§## #...## #...##
#...#


You could see 7 blink frogs.

Vanquished Creatures
  Pikel (D:7)
  A spiny frog (Lair:1)
  A komodo dragon (D:8)
  A rime drake (Lair:1)
  2 hippogriffs
  3 yaks (D:8)
  A wyvern (D:9)
  4 hogs (D:10)
  A hungry ghost (D:8)
  A human (D:10)
  A soldier ant (D:7)
  2 water moccasins
  2 sky beasts (D:8)
  2 slaves (D:7)
  A black bear (D:9)
  4 orc warriors
  2 phantoms
  2 ice beasts
  A necrophage (D:8)
  4 ogres
  2 centaurs
  A crocodile (Lair:1)
  4 big kobolds
  3 bullfrogs
  A scorpion (D:9)
  13 killer bees
  2 electric eels (D:6)
  6 crimson imps
  2 centaur zombies (D:8)
  2 hounds
  2 quasits
  4 jellies
  2 centaur skeletons
  4 orc priests
  A bullfrog skeleton (D:5)
  10 orc wizards
  2 iguanas
  6 worker ants
  A hound zombie (D:5)
  Robin (D:2)
  A howler monkey zombie (D:6)
  8 gnolls
  11 adders
  3 shadow imps
  3 oozes
  2 adder skeletons (D:5)
  6 worms
  2 dart slugs (D:1)
  5 leopard geckos
  38 orcs
  3 giant cockroaches
  13 goblins
  12 hobgoblins
  13 jackals
  4 quokkas
  2 ball pythons
  9 bats
  4 frilled lizards
  62 kobolds
  4 rats
311 creatures vanquished.

Vanquished Creatures (others)
  A slave (D:7)
  A big kobold (D:7)
  A centaur zombie (D:10)
  An orc (D:7)
  A kobold (D:7)
  A plant (D:8)
6 creatures vanquished.

Grand Total: 317 creatures vanquished

Notes
Turn   | Place    | Note
-------+----------+-------------------------------------------
     0 | D:1      | Mrkan the Troll Monk began the quest for the Orb.
     0 | D:1      | Reached XP level 1. HP: 22/22 MP: 0/0
    78 | D:1      | Reached XP level 2. HP: 28/29 MP: 1/1
   331 | D:1      | Reached skill level 4 in Unarmed Combat
   434 | D:1      | Reached XP level 3. HP: 33/36 MP: 2/2
   846 | D:2      | Found a radiant altar of Vehumet.
   853 | D:2      | Found a bloodstained altar of Trog.
  1048 | D:2      | Noticed Robin
  1093 | D:2      | Reached XP level 4. HP: 20/44 MP: 3/3
  1113 | D:2      | Killed Robin
  1113 | D:2      | Reached skill level 5 in Unarmed Combat
  1256 | D:2      | Found an opulent altar of Gozag.
  1441 | D:3      | Noticed an ice beast
  1473 | D:3      | HP: 1/44 [ice beast (7)]
  1475 | D:3      | Killed an ice beast
  1475 | D:3      | Reached skill level 6 in Unarmed Combat
  1475 | D:3      | Reached XP level 5. HP: 2/50 MP: 4/4
  1788 | D:3      | Reached XP level 6. HP: 59/59 MP: 5/5
  1831 | D:3      | Reached skill level 7 in Unarmed Combat
  2261 | D:4      | Found a blossoming altar of Fedhas.
  2367 | D:4      | You fall through a shaft for 2 floors!
  2405 | D:6      | Reached skill level 8 in Unarmed Combat
  2418 | D:6      | Reached XP level 7. HP: 60/66 MP: 6/6
  2439 | D:5      | Entered Level 5 of the Dungeon
  2604 | D:5      | Reached skill level 9 in Unarmed Combat
  2749 | D:5      | Found a staircase to the Ecumenical Temple.
  2758 | Temple   | Entered the Ecumenical Temple
  2896 | Temple   | Became a worshipper of Ru the Awakened
  2909 | Temple   | Gained mutation: You cannot be stealthy. [Ru sacrifice]
  3545 | D:4      | Reached XP level 8. HP: 65/74 MP: 7/7
  3606 | D:4      | Found an ancient bone altar of Kikubaaqudgha.
  3607 | D:4      | Found a burning altar of Makhleb.
  3608 | D:4      | Reached skill level 10 in Unarmed Combat
  3740 | D:6      | Found a shattered altar of Ashenzari.
  3823 | D:6      | Found Sytzoh's Jewellery Shoppe.
  3935 | D:6      | Found Realer's Magic Scroll Emporium.
  3938 | D:6      | Found Xalextum's Armour Shoppe.
  4405 | D:6      | Reached skill level 11 in Unarmed Combat
  4615 | D:6      | Gained mutation: You are somewhat inexperienced. (-2 XL)
                  | [Ru sacrifice]
  4615 | D:6      | Reached XP level 7. HP: 39/66 MP: 6/6
  4615 | D:6      | Reached XP level 6. HP: 39/59 MP: 5/5
  4615 | D:6      | Reached * piety under Ru
  4615 | D:6      | Reached ** piety under Ru
  4615 | D:6      | Reached *** piety under Ru
  4840 | D:7      | Found a basalt altar of Yredelemnul.
  4870 | D:7      | Reached XP level 7. HP: 49/66 MP: 6/6
  4978 | D:7      | Noticed Pikel
  5070 | D:7      | Killed Pikel
  5070 | D:7      | Reached skill level 5 in Fighting
  5070 | D:7      | Reached XP level 8. HP: 80/80 MP: 7/7
  5181 | D:7      | Found a shattered altar of Ashenzari.
  5187 | D:7      | Found a hide-covered altar of Uskayaw.
  5297 | D:7      | Noticed a hippogriff
  5304 | D:7      | Killed a hippogriff
  5652 | D:8      | Reached skill level 1 in Throwing
  5678 | D:8      | Reached XP level 9. HP: 14/92 MP: 8/8
  5760 | D:8      | Found Paji's Antique Weapon Emporium.
  5863 | D:8      | Found an ornate altar of the Wu Jian Council.
  5935 | D:8      | Found Vim Zemeit's Assorted Antiques.
  6005 | D:8      | Found Tejolluado's Jewellery Shoppe.
  6182 | D:8      | Found a staircase to the Lair.
  6183 | D:8      | Noticed a komodo dragon
  6208 | D:8      | Killed a komodo dragon
  6312 | D:8      | Gained mutation: You cannot study or cast Poison magic. [Ru
                  | sacrifice]
  6312 | D:8      | Gained mutation: You cannot study or cast Necromancy magic.
                  | [Ru sacrifice]
  6312 | D:8      | Gained mutation: You cannot study or cast Charms magic. [Ru
                  | sacrifice]
  6312 | D:8      | Reached **** piety under Ru
  6328 | D:8      | Found a shimmering altar of Xom.
  6692 | D:8      | Reached XP level 10. HP: 44/103 MP: 9/9
  6899 | D:9      | Got a faintly glowing bronze ring
  7133 | D:9      | Found a glowing silver altar of Zin.
  7148 | D:9      | Got an encrusted whip
  7232 | D:9      | Found a white marble altar of Elyvilon.
  7281 | D:9      | Identified the +6 whip of Ozyneeta {antimagic, +Inv rF+}
                  | (You found it on level 9 of the Dungeon)
  7287 | D:9      | Identified the ring "Dipronto" {Wiz +Fly} (You found it on
                  | level 9 of the Dungeon)
  7292 | D:10     | Entered Level 10 of the Dungeon
  7482 | D:10     | Reached skill level 5 in Throwing
  7589 | D:10     | Learned a level 1 spell: Beastly Appendage
  7921 | Lair:1   | Entered Level 1 of the Lair of Beasts
  7979 | Lair:1   | Noticed a spiny frog
  7988 | Lair:1   | Killed a spiny frog
  8164 | Lair:1   | HP: 2/107 [blink frog (18)]
  8164 | Lair:1   | Mangled by a blink frog

Skill      XL: |  1  2  3  4  5  6  7  8  9 10 |
---------------+-------------------------------+-----
Unarmed Combat | 4 6 8 9 11 | 11.5
Stealth        | 0 |  0.0
Fighting       | 5 6 8 9 |  9.4
Throwing       | 2 4 6 |  6.2
Dodging        | |  2.4

Action                   |  1- 3 |  4- 6 |  7- 9 | 10-12 || total
-------------------------+-------+-------+-------+-------++-------
Melee: Unarmed           |   108 |   149 |   464 |   102 ||   823
       Punch             |     1 |     4 |    16 |    10 ||    31
Invok: Sacrifice Experie |       |     1 |       |       ||     1
       Sacrifice Stealth |       |       |     1 |       ||     1
       Sacrifice Arcana  |       |       |     1 |       ||     1
       Reject Sacrifices |       |       |       |     1 ||     1
Evoke: Wand              |       |       |     1 |       ||     1
  Use: Potion            |       |     1 |       |     1 ||     2
       Scroll            |       |       |     8 |     1 ||     9
 Stab: Distracted        |       |       |     2 |     1 ||     3
       Invisible         |       |       |     2 |     2 ||     4
  Eat: Chunk             |    11 |    19 |    32 |    15 ||    77
       Ration            |       |     1 |     1 |       ||     2
Armor: Robe              |    62 |    35 |   163 |    35 ||   295
Dodge: Dodged            |    75 |    56 |   278 |    64 ||   473
